 Dungeon Crawl Stone Soup version 0.18-a0-1014-g3bbf375 (webtiles) character file.

25 Duffy the Skirmisher (level 3, -4/34 HPs)
             Began as a Naga Fighter on Jan 6, 2016.
             Slain by Natasha (8 damage)
             ... on level 2 of the Dungeon.
             The game lasted 00:01:25 (1240 turns).

Duffy the Skirmisher (Naga Fighter)                 Turns: 1240, Time: 00:01:25

Health: -4/34      AC:  4    Str: 18    XL:     3   Next: 6%
Magic:  3/3        EV:  5    Int:  8    God:
Gold:   97         SH:  8    Dex: 11    Spells: 0 memorised, 2 levels left

rFire  . . .     SeeInvis +     a - +0 flail
rCold  . . .     Gourm    .     b - +0 scale mail
rNeg   . . .     Faith    .     c - +0 shield
rPois  +         Spirit   .     (no helmet)
rElec  .         Dismiss  .     (no cloak)
rCorr  .         Reflect  .     (no gloves)
SustAt .         Harm     .     (no barding)
MR     .....                    (no amulet)
Stlth  ..........               (no ring)
                                (no ring)

@: slowed, very slow, not resistant to hostile enchantments, extremely
unstealthy
A: see invisible, deformed body, poison resistance, slowness 2, slow metabolism
1, spit poison 2, AC +1
a: Spit Poison


You were on level 2 of the Dungeon.
You were hungry.

You visited 1 branch of the dungeon, and saw 2 of its levels.

You collected 97 gold pieces.


Innate Abilities, Weirdness & Mutations

You cannot wear boots.
Your serpentine skin is tough (AC +1).
You have supernaturally acute eyesight.
Armour fits poorly on your strangely shaped body.
Your system is resistant to poisons.
You cover ground very slowly.
You have a slow metabolism.
You can spit poison.


   Skills:
 - Level 3.0 Fighting
 + Level 3.0 Maces & Flails
 - Level 2.4 Armour
 + Level 2.8 Shields


You had 2 spell levels left.
You didn't know any spells.

Inventory:

Hand Weapons
 a - a +0 flail (weapon)
Armour
 b - a +0 scale mail (worn)
 c - a +0 shield (worn)
Scrolls
 e - 2 scrolls of recharging {unknown}
 h - a scroll of identify {unknown}
 j - a scroll of fear {unknown}
Potions
 d - a potion of might
 g - a potion of cancellation {unknown}
 i - a potion of haste {unknown}
 k - 2 potions of brilliance {unknown}
Comestibles
 f - a bread ration

Dungeon Overview and Level Annotations

Branches:
Dungeon (2/15)

Altars:

Annotations:
D:2 Natasha


Message History

You are too injured to fight recklessly!
You are too injured to fight recklessly!
You are too injured to fight recklessly!
You are too injured to fight recklessly!
You are too injured to fight recklessly!
You are too injured to fight recklessly!
You are too injured to fight recklessly!
You are too injured to fight recklessly!
You are too injured to fight recklessly!
You are too injured to fight recklessly!
You are too injured to fight recklessly!
You are too injured to fight recklessly!
You are too injured to fight recklessly!
You hit Natasha but do no damage.
Natasha is severely wounded.
You block Natasha's attack.
The white imp laughs crazily.
Natasha claws you.
You closely miss Natasha.
Natasha is severely wounded.
Natasha claws you but does no damage.
The crimson imp blinks!
Natasha claws you.
Your shield prevents you from hitting Natasha.
Natasha is severely wounded.
You block the crimson imp's attack. Natasha claws you but does no damage.
The crimson imp blinks!
Natasha casts a spell at you. The magic dart hits you!
You hit Natasha.
Natasha is almost dead.
You are feeling hungry.
Natasha casts a spell at you.
You feel as though you will be slow longer.
Natasha claws you!
You die...

...#. ##..#.###
#.#
........#####.#
#.......+..##.#
#.......##.##.#
#.......+.<##.# #
#.....##.##5# #..
#..)..##h#
#....#.######@###
..............>..#
.#.#..#.#..##....#
#..#.##.##....# ##
#.##..#.5..####
..###.#.........
### #...........
..................
#######...##......


You could see Natasha, a crimson imp and a white imp.

Action                   || total
-------------------------++-------
Melee: Flail             ||    80

Notes
Turn   | Place    | Note
--------------------------------------------------------------
     0 | D:1      | Duffy the Naga Fighter began the quest for the Orb.
     0 | D:1      | Reached XP level 1. HP: 21/21 MP: 1/1
   358 | D:1      | Reached XP level 2. HP: 28/28 MP: 2/2
  1149 | D:2      | Reached XP level 3. HP: 27/34 MP: 3/3
  1224 | D:2      | Reached skill level 3 in Maces & Flails
  1229 | D:2      | Noticed Natasha
  1240 | D:2      | Slain by Natasha

Vault maps used:
D:1:      ncdulo_lavacross
D:2:      uniq_crazy_yiuf_cottage, uniq_natasha

Vanquished Creatures
  6 bats
  6 goblins
  4 hobgoblins
  3 giant newts
  2 kobolds
  4 rats
25 creatures vanquished.
